 Dungeon Crawl Stone Soup version 0.27-a0-1189-gb8eb6cee8e (webtiles) character file.

Game seed: 9728824240553613887

35 ZappyNine the Sneak (level 3, 0/23 HPs)
             Began as a Kobold Abyssal Knight on May 22, 2021.
             Was a Follower of Lugonu.
             Slain by an orc
             ... wielding a +0 dagger
              (1 damage)
             ... on level 3 of the Dungeon.
             The game lasted 00:02:30 (2877 turns).

ZappyNine the Sneak (Kobold Abyssal Knight)         Turns: 2877, Time: 00:02:31

Health: 0/23       AC:  3    Str:  9    XL:     3   Next: 52%
Magic:  4/4        EV: 14    Int: 13    God:    Lugonu [*.....]
Gold:   148        SH:  0    Dex: 15    Spells: 2/2 levels left

rFire    . . .     SeeInvis .   a - +1 short sword
rCold    . . .     Faith    .   (shield restricted)
rNeg     + . .     Spirit   .   b - +0 leather armour
rPois    .         Reflect  .   (no helmet)
rElec    .         Harm     .   (no cloak)
rCorr    .         Rampage  .   (no gloves)
Will     .....                  (no boots)
Stlth    +++.......             (no amulet)
HPRegen  0.07/turn              d - ring of positive energy
MPRegen  0.09/turn              (no ring)

@: brilliant
A: small, no large weapons, nightstalker 3
a: Renounce Religion, Depart the Abyss


You were on level 3 of the Dungeon.
You worshipped Lugonu.
Lugonu was aware of your devotion.
You visited 1 branch of the dungeon, and saw 3 of its levels.
You visited the Abyss 1 time.

You collected 148 gold pieces.

Inventory:

Hand Weapons
 a - a +1 short sword (weapon)
Armour
 b - a +0 leather armour (worn)
 j - a +0 plate armour
Jewellery
 d - a ring of positive energy (left hand)
Scrolls
 c - a scroll of enchant weapon {unknown}
 e - a scroll of amnesia {unknown}
 f - a scroll of silence {unknown}
 g - 2 scrolls of identify {unknown}
 h - a scroll of immolation {unknown}
 k - a scroll of brand weapon {unknown}


   Skills:
 - Level 3.2 Fighting
 - Level 2.6 Short Blades
 - Level 0.7 Armour
 - Level 2.4 Dodging
 + Level 4.3 Stealth
 - Level 2.0 Invocations


You had 2 spell levels left.
You didn't know any spells.
Your spell library was empty.

Dungeon Overview and Level Annotations

Branches:
Dungeon (3/15)

Altars:


Innate Abilities, Weirdness & Mutations

You are small and have problems with some larger weapons.
You are completely attuned to the shadows.


Message History

You feel sick. The orc misses you. The adder closely misses you.
The adder bites you.
Okay, then.
You hit the adder but do no damage.
The adder is heavily wounded.
You feel sick.
You are no longer poisoned.
The orc hits you but does no damage. The adder misses you.
The adder closely misses you.
You barely miss the adder.
The adder is heavily wounded.
The adder bites you. The adder bites you but does no damage.
The orc hits you with a +0 dagger.
You barely miss the adder.
The adder is heavily wounded.
The adder barely misses you. x2; The orc hits you with a +0 dagger.
* * * LOW HITPOINT WARNING * * *
The adder bites you.
* * * LOW HITPOINT WARNING * * *
The adder barely misses you.
It was a potion of brilliance.
You feel clever all of a sudden. The orc hits you but does no damage.
The adder bites you.
* * * LOW HITPOINT WARNING * * *
The adder closely misses you.
Unknown command.
You closely miss the adder.
The adder is heavily wounded.
The adder misses you. The orc barely misses you. The adder closely misses you.
You barely miss the adder.
The adder is heavily wounded.
The adder bites you.
* * * LOW HITPOINT WARNING * * *
The adder barely misses you. The orc misses you.
You closely miss the adder.
The adder is heavily wounded.
The adder closely misses you. The adder bites you.
* * * LOW HITPOINT WARNING * * *
The orc hits you with a +0 dagger.
You die...

###### ###.....
#....##.
#.#<....
#.######
.#########..†..#
...o@S........##
..$S#........##
....#........#
....####......#
.... #......#


You could see 2 adders and an orc.

Vanquished Creatures
  2 dart slugs (D:1)
  An endoplasm (D:1)
  4 giant cockroaches
  2 goblins
  4 hobgoblins
  3 jackals (D:1)
  5 ball pythons
  2 bats
  2 kobolds
  2 rats
27 creatures vanquished.

Notes
Turn   | Place    | Note
-------+----------+-------------------------------------------
     0 | Abyss:1  | ZappyNine the Kobold Abyssal Knight began the quest for the
                  | Orb.
     0 | Abyss:1  | Reached XP level 1. HP: 14/14 MP: 2/2
    58 | Abyss:1  | Found a corrupted altar of Lugonu.
   269 | Abyss:1  | Noticed a small abomination
   311 | Abyss:1  | Noticed a thrashing horror
   312 | D:1      | Escaped the Abyss
   443 | D:1      | Reached skill level 1 in Stealth
   593 | D:1      | Reached skill level 2 in Stealth
   593 | D:1      | Reached XP level 2. HP: 19/19 MP: 3/3
   769 | D:1      | Reached * piety under Lugonu
   902 | D:1      | Reached skill level 3 in Stealth
  1167 | D:1      | Reached XP level 3. HP: 23/23 MP: 4/4
  1419 | D:1      | Found a faded altar of an unknown god.
  2196 | D:2      | Reached skill level 4 in Stealth
  2877 | D:3      | HP: 1/23 [adder (2)]
  2877 | D:3      | Slain by an orc

Illustrated notes

Levels and vault maps discovered:
D:1:      erik_arrival_triangle_large, layout_loops_ring, serial_forest,
          infiniplex_forest_side_room, infiniplex_forest_clump_long,
          infiniplex_forest_lined_2, infiniplex_forest_clump_curved,
          infiniplex_forest_straight_2, infiniplex_forest_end_2,
          infiniplex_forest_lined_room_2, hellmonk_ecumenical_altar_run_dry,
          hex_large
D:2:      layout_loops_corners
D:3:      minmay_inner_zag, layout_basic, nicolae_qazlal_scattered_showers,
          grunt_ministairs_11

Skill      XL: |  1  2  3 |
---------------+----------+-----
Stealth        | 2 3 4 |  4.3
Fighting       | |  3.2
Short Blades   | |  2.6
Armour         | |  0.7
Dodging        | |  2.4
Invocations    | |  2.0

Action                   || total
-------------------------++-------
Melee: Short sword       ||    76
Invok: Depart the Abyss  ||     1
  Use: Potion            ||     2
 Stab: Sleeping          ||    14
Armor: Leather armour    ||    11
Dodge: Dodged            ||    71

Table legend: (Time is in decaauts)
 A = Elapsed time spent in this place.
 B = Non-inter-level travel time spent in this place.
 C = Inter-level travel time spent in this place.
 D = Time resting spent in this place.
 E = Time spent auto-exploring this place.
 F = Levels seen in this place.
 G = Mean time per level.
                   A        B        C        D        E       F      G
               +--------+--------+--------+--------+--------+-----+--------+
         Total |   2874 |   2840 |     34 |    260 |   2162 |   4 |  718.5 |
       Dungeon |   2562 |   2528 |     34 |    175 |   2162 |   3 |  854.0 |
         Abyss |    312 |    312 |      0 |     85 |      0 |   1 |  312.0 |
               +--------+--------+--------+--------+--------+-----+--------+

Top non-repeatable levels by time:
     D:1: 1372 daAuts
     D:2: 1154 daAuts
 Abyss:1: 312 daAuts
     D:3: 35 daAuts
